AoeStats
← litomysl

Black Forest

509804815Analyzed
4v4 RM · 5d ago on Sep 28, 2026· 32m 24s· 8 players
Game mode
Random Map
Map size
Large (8 player)
Population
200
Speed
Normal
Resources
Standard
Victory
Conquest
Starting age
Dark Age
Ending age
Imperial Age
RankedLock teamsTeams togetherTeam positionsShared explorationLock speedFull tech treeHidden civsTurbo modeCheats
Victory
Defeat
🇨🇳 Persians · China
1012
+10
🇺🇸 Mongols · United States
988
+11
🇨🇴 Slavs · Colombia
946
+13
🇨🇳 Persians · China
918
+14
🇹🇷 Turks · Türkiye
973
-16
🇧🇷 Britons · Brazil
856
-11
🇩🇪 Portuguese · Germany
841
-11
🇩🇪 Khmer · Germany
828
-10
Matasuegra27
12:01 Feudal Age
16:40 Castle Age
15:49 Horse Collar
15:57 Double-Bit Axe
18:36 Wheelbarrow
20:10 Bow Saw
22:30 Stone Mining
25:50 Gold Mining
28:44 Imperial Age
27:29 Gold Shaft Mining
27:06 Fletching
29:18 Bodkin Arrow
29:29 Scale Barding Armor
30:54 Chemistry
30:15 Ballistics
31:12 Chain Barding Armor
Wahlburgers5203
4:24 Loom
10:59 Feudal Age
12:47 Double-Bit Axe
13:11 Horse Collar
15:36 Castle Age
17:29 Bow Saw
21:52 Wheelbarrow
26:08 Hand Cart
30:53 Imperial Age
29:24 Caravan
31:00 Fletching
31:11 Padded Archer Armor
31:36 Bodkin Arrow
31:09 Elite Mangudai
31:51 Stone Mining
JCUP
5:34 Loom
12:16 Feudal Age
13:13 Double-Bit Axe
13:13 Horse Collar
16:32 Castle Age
17:32 Heavy Plow
17:44 Bow Saw
24:31 Scale Barding Armor
25:06 Gold Mining
27:10 Stone Mining
27:27 Husbandry
27:38 Bloodlines
27:50 Chain Barding Armor
27:40 Forging
28:29 Stone Shaft Mining
28:31 Gold Shaft Mining
32:38 Imperial Age
30:47 Wheelbarrow
30:54 Iron Casting
31:38 Hand Cart
卢本伟
3:40 Loom
10:50 Feudal Age
11:47 Man-at-Arms
12:42 Forging
12:19 Arson
22:26 Castle Age
21:44 Scale Mail Armor
23:56 Chain Mail Armor
24:17 Iron Casting
23:31 Horse Collar
23:26 Long Swordsman
24:38 Heavy Plow
27:07 Wheelbarrow
26:21 Double-Bit Axe
30:00 Bow Saw
30:09 Hand Cart
ErvilhaDaBoa 0.o !
14:37 Feudal Age
19:03 Castle Age
17:38 Stone Mining
17:39 Gold Mining
17:56 Double-Bit Axe
20:05 Bow Saw
22:07 Wheelbarrow
33:02 Imperial Age
30:26 Elite Skirmisher
SexyDaddy
4:06 Loom
13:16 Feudal Age
18:12 Castle Age
16:35 Double-Bit Axe
16:39 Horse Collar
23:19 Imperial Age
21:15 Gold Mining
26:56 Bow Saw
27:28 Bloodlines
29:29 Heavy Plow
32:30 Padded Archer Armor
litomysl
1:11 Loom
11:09 Feudal Age
12:43 Double-Bit Axe
12:42 Horse Collar
20:57 Castle Age
21:45 Bloodlines
21:57 Bloodlines
VirtualVagabond
0:27 Loom
13:58 Feudal Age
17:11 Wheelbarrow
16:33 Double-Bit Axe
21:51 Castle Age
21:04 Horse Collar
Connection lost

Rejoining the realm…

Still unreachable

The connection could not be restored.

Session expired

The server has moved on; the page needs a fresh start.